 Dungeon Crawl Stone Soup version 0.29-a0-330-g52719c12eb (webtiles) character file.

Game seed: 11791436374197053932

91 Leszczynek the Shooter (level 4, -2/28 HPs)
             Began as a Tengu Hunter on May 13, 2022.
             Killed by divine providence
             ... invoked by an orc priest
              (11 damage)
             ... on level 3 of the Dungeon.
             The game lasted 00:09:35 (1279 turns).

Leszczynek the Shooter (Tengu Hunter)               Turns: 1279, Time: 00:09:36

Health: -2/28      AC:  9    Str: 12    XL:     4   Next: 59%
Magic:  14/14      EV: 11    Int: 20    God:
Gold:   124        SH:  0    Dex: 17    Spells: 3/3 levels left

rFire   . . .      SeeInvis .   a - +1 shortbow
rCold   . . .      Faith    .   (shield currently unavailable)
rNeg    . . .      Spirit   .   k - +4 ring mail of the Wilderness {Will++ Int+9}
rPois   .          Reflect  .   (helmet restricted)
rElec   .          Harm     .   (no cloak)
rCorr   .          Rampage  .   (no gloves)
Will    ++...                   (boots unavailable)
Stlth   +.........              (no amulet)
HPRegen 0.09/turn               b - ring of magical power
MPRegen 0.14/turn               (no ring)

@: no status effects
A: beak, talons 3
a: no special abilities


You were on level 3 of the Dungeon.
You visited 1 branch of the dungeon, and saw 4 of its levels.

You collected 124 gold pieces.

Inventory:

Hand Weapons
 a - a +1 shortbow (weapon)
Armour
 k - the +4 ring mail of the Wilderness (worn) {Will++ Int+9}
   (You found it on level 4 of the Dungeon)

   Int:       It affects your intelligence (+9).
   Will:      It greatly increases your willpower.
Jewellery
 b - a ring of magical power (left hand)
Scrolls
 c - a scroll of immolation {!r}
 d - 2 scrolls of identify {unknown}
 e - a scroll of summoning {unknown}
 g - a scroll of teleportation {unknown}
 j - a scroll of enchant armour {unknown}
 l - a scroll of enchant weapon {unknown}
 m - a scroll of fog {unknown}
 n - a scroll of vulnerability {unknown}
 o - a scroll of fear {unknown}
Potions
 f - a potion of heal wounds {@q2}
 h - a potion of mutation {unknown}
 i - a potion of brilliance {unknown}


   Skills:
 * Level 3.3 Fighting
 * Level 5.3 Bows
 + Level 2.9 Dodging
 - Level 1.0 Stealth


You had 3 spell levels left.
You didn't know any spells.
Your spell library contained the following spells:

 Spells                   Type           Power      Damage    Failure   Level
 Confusing Touch          Hex            0%         N/A       78%         3
 Yara's Violent Unravell  Hex/Tmut       0%         3d3       100%        5
 Enfeeble                 Hex            0%         N/A       100%        7


Dungeon Overview and Level Annotations

Branches:
Dungeon (4/15)
 Temple: D:4-7

Altars:

Shops:
D:3 *


Innate Abilities, Weirdness & Mutations

You have a beak for a mouth.
You have claws for feet.


Message History

You kill the hobgoblin!
The orc shouts!
An orc priest comes into view. It is wielding a +0 mace.
Okay, then.
An orc comes into view. It is wielding a +0 whip.
The orc barely misses you.
An orc comes into view. It is wielding a +0 dagger.
The orc attacks as you move away! The orc completely misses you.
Found a robe.
The orc attacks as you move away! The orc hits you but does no damage.
The orc attacks as you move away! The orc closely misses you.
The orc attacks as you move away! The orc hits you with a +0 dagger.
The orc attacks as you move away! The orc closely misses you.
The orc priest looks braver for a moment.
The orc attacks as you move away! The orc hits you with a +0 dagger.
An orc comes into view. It is wielding a +0 mace.
The orc shouts!
The bat closely misses you.
An orc comes into view. It is wielding a +0 club.
The bat hits you but does no damage.
The orc priest invokes the aid of Beogh against you.
Beogh smites you! The orc attacks as you move away!
The orc completely misses you.
An orc comes into view. It is wielding a +0 flail.
The orc attacks as you move away! The orc barely misses you.
The orc shouts!
The bat attacks as you move away! The bat barely misses you.
The bat hits you but does no damage. The bat completely misses you.
The orc barely misses you. The orc hits you with a +0 flail.
The orc priest looks satisfied for a moment.
The orc attacks as you move away! The orc hits you but does no damage.
The bat hits you but does no damage.
Unknown command.
The bat attacks as you move away! The bat hits you but does no damage.
The bat barely misses you. The bat hits you but does no damage.
The bat closely misses you.
The orc priest mumbles some strange prayers to Beogh against you.
Beogh smites you!
You die...

#........# ####........##
###...K........#
##..o.#.........#
#..#.##..†......#
##.##.####)#####..
#.[##.##.#.#######
#.###.#....)......
##@###....#.####### #.o.#...#.#.#
# ##bo.).......#
######.oo.......###
####..........[[...###
#....####.#.o.........#
#.......o.............. .
######...##..#o.............#####
#...........#..#.........##.<....


You could see an orc priest, 6 orcs and a bat.

Vanquished Creatures
  3 adders
  A dart slug (D:4)
  7 orcs (D:3)
  6 bats
  3 endoplasms
  2 giant cockroaches
  5 goblins
  8 hobgoblins
  6 kobolds
  2 quokkas (D:1)
  3 ball pythons
  5 frilled lizards
51 creatures vanquished.

Notes
Turn   | Place    | Note
-------+----------+-------------------------------------------
     0 | D:1      | Leszczynek the Tengu Hunter began the quest for the Orb.
     0 | D:1      | Reached XP level 1. HP: 12/12 MP: 2/2
    89 | D:1      | Reached XP level 2. HP: 17/17 MP: 3/3
   446 | D:2      | You fall into a shaft and drop 2 floors!
   477 | D:4      | Reached XP level 3. HP: 22/22 MP: 4/4
   545 | D:3      | Reached skill level 5 in Bows
   646 | D:4      | Reached skill level 3 in Fighting
   662 | D:4      | Identified the +4 ring mail of the Wilderness {Will++
                  | Int+9}
   663 | D:4      | ohh
   696 | D:3      | Reached XP level 4. HP: 28/28 MP: 5/5
  1237 | D:3      | Found Piekuduz's Assorted Antiques.
  1279 | D:3      | Killed from afar by an orc priest

Illustrated notes

#.###.#†......
###.##.#...##.#.
#####....(###.......
#..<.#..##.#...###..
####.###.#.# ..#.... ..
#.>......##.......####.#
#..##.#..#####.#### .#
#........# #.# ..
..#...@.# .. #.#...# ..
.......# ........#
#.###..### # ... ##.# #.


Turn 663 on D:4: ohh

Levels and vault maps discovered:
D:1:      minmay_arrival_up_and_down, layout_basic, hangedman_decor_push
D:2:      layout_rooms
D:3:      layout_rooms, serial_shops, shop
D:4:      layout_loops_cross

Skill      XL: |  1  2  3 |
---------------+----------+-----
Bows           | 5 |  5.3
Fighting       | 3 |  3.3
Dodging        | |  2.9
Stealth        | |  1.0

Action                   |  1- 3 |  4- 6 || total
-------------------------+-------+-------++-------
 Fire: Shortbow          |    74 |    43 ||   117
  Use: Potion            |     1 |       ||     1
Armor: Leather armour    |     6 |       ||     6
       Ring mail         |       |    29 ||    29
Dodge: Dodged            |    17 |    24 ||    41

Table legend: (Time is in decaauts)
 A = Elapsed time spent in this place.
 B = Non-inter-level travel time spent in this place.
 C = Inter-level travel time spent in this place.
 D = Time resting spent in this place.
 E = Time spent auto-exploring this place.
 F = Levels seen in this place.
 G = Mean time per level.
                   A        B        C        D        E       F      G
               +--------+--------+--------+--------+--------+-----+--------+
         Total |   1320 |   1302 |     18 |    223 |      0 |   4 |  330.0 |
       Dungeon |   1320 |   1302 |     18 |    223 |      0 |   4 |  330.0 |
               +--------+--------+--------+--------+--------+-----+--------+

Top non-repeatable levels by time:
     D:2: 402 daAuts
     D:1: 401 daAuts
     D:3: 296 daAuts
     D:4: 219 daAuts
